 Dungeon Crawl Stone Soup version 0.28.0 (webtiles) character file.

Game seed: 18151083884287627813

6997 BALLS the Carver (level 11, -2/60 HPs)
             Began as a Vine Stalker Fighter on Feb 4, 2022.
             Was an Elder of Okawaru.
             Slain by an orc knight (11 damage)
             ... on level 10 of the Dungeon.
             The game lasted 00:19:14 (9048 turns).

BALLS the Carver (Vine Stalker Fighter)             Turns: 9048, Time: 00:19:17

Health: -2/60      AC: 10    Str: 24    XL:     11   Next: 8%
Magic:  0/17       EV: 11    Int:  8    God:    Okawaru [****..]
Gold:   395        SH: 11    Dex: 13    Spells: 10/10 levels left

rFire   . . .      SeeInvis .   a - +0 long sword
rCold   . . .      Faith    .   y - +0 kite shield
rNeg    . . .      Spirit   +   b - +0 scale mail
rPois   .          Reflect  .   m - +0 helmet
rElec   .          Harm     .   (no cloak)
rCorr   .          Rampage  .   (no gloves)
Will    +....                   (no boots)
Stlth   +.........              (no amulet)
HPRegen 1.00/turn               (no ring)
MPRegen 0.15/turn               (no ring)

@: heroic, finesse-ful
A: fangs 3, regeneration 1, magic shield, antimagic bite, no potion heal 2
a: Renounce Religion, Heroism, Finesse


You were on level 10 of the Dungeon.
You worshipped Okawaru.
Okawaru was greatly pleased with you.
You visited 2 branches of the dungeon, and saw 11 of its levels.

You collected 507 gold pieces.
You spent 112 gold pieces at shops.

Inventory:

Hand Weapons
 a - a +0 long sword (weapon)
 g - a +1 whip of electrocution
 n - the +6 hunting sling of Nudijy {vorpal, rElec}
   (You found it on level 2 of the Dungeon)

   Any ammunition fired from it inflicts extra damage upon your enemies.
   rElec:     It insulates you from electricity.
Missiles
 s - 47 poisoned darts (quivered)
Armour
 b - a +0 scale mail (worn)
 m - a +0 helmet (worn)
 y - a +0 kite shield (worn)
Jewellery
 j - the ring "Taisetuq" {Will- Str+6 Dex+4 SInv}
   (You found it on level 9 of the Dungeon)

   [ring of strength]

   Str:       It affects your strength (+6).
   Dex:       It affects your dexterity (+4).
   SInv:      It lets you see invisible.
   Will:      It decreases your willpower.
 r - a ring of ice
Wands
 h - a wand of polymorph (18)
 p - a wand of acid (13)
 u - a wand of iceblast (6)
 A - a wand of paralysis (6)
Scrolls
 c - a scroll of fog
 d - 3 scrolls of teleportation
 k - a scroll of enchant armour
 x - a scroll of silence
 z - a scroll of enchant weapon
 B - 2 scrolls of amnesia
 C - a scroll of brand weapon
Potions
 e - 2 potions of curing
 f - a potion of resistance {unknown}
 i - a potion of attraction {unknown}
 l - 3 potions of lignification
 o - 2 potions of ambrosia {unknown}
 q - a potion of haste {unknown}
 w - a potion of berserk rage {unknown}
 D - 3 potions of heal wounds {unknown}
Miscellaneous
 t - a lightning rod (4/4)


   Skills:
 - Level 8.0(13.0) Fighting
 - Level 10.0(15.0) Long Blades
 - Level 5.0(10.0) Armour
 + Level 5.2(10.2) Shields
 - Level 7.0 Invocations


You had 10 spell levels left.
You didn't know any spells.
Your spell library contained the following spells:

 Spells                   Type           Power      Damage    Failure   Level
 Cause Fear               Hex            0%         N/A       100%        4
 Leda's Liquefaction      Hex/Erth       0%         N/A       100%        4
 Fireball                 Conj/Fire      0%         3d3       100%        5
 Iskenderun's Battlesphe  Conj           0%         2d6       100%        5
 Lee's Rapid Deconstruct  Erth           0%         3d5*      100%        5
 Conjure Ball Lightning   Conj/Air       0%         3x3d6     100%        6
 Statue Form              Tmut/Erth      0%         N/A       100%        6
 Dragon Form              Tmut           0%         N/A       100%        7
 Orb of Destruction       Conj           0%         9d5       100%        7
 Dragon's Call            Summ           Unusable   N/A       N/A         9

Dungeon Overview and Level Annotations

Branches:
Dungeon (10/15)            Temple (1/1) D:6
   Lair: D:8-11         Orc: D:9-12

Altars:
Ashenzari
Cheibriados
Dithmenos
Elyvilon
Fedhas
Gozag
Hepliaklqana
Kikubaaqudgha
Makhleb
Nemelex Xobeh
Okawaru
Qazlal
Sif Muna
Trog
Uskayaw
Vehumet
Wu Jian
Xom
Zin
The Shining One

Shops:
D:5 [

Annotations:
D:9 3 runed translucent doors, Host24's ghost, journeyman KoHu


Innate Abilities, Weirdness & Mutations

You have razor-sharp teeth.
Your natural rate of healing is unusually fast.
When hurt, damage is shared between your health and your magic reserves.
Your bite disrupts and absorbs the magic of your enemies.
Potions cannot restore your health.


Message History

Okawaru accepts your kill.
Training target 7.0 for Invocations reached!
Your Invocations skill increases to level 7!
You need to enable at least one skill for training.
You feel like a meek peon again.
An orc knight comes into view.
It is wielding a +1 battleaxe of electrocution.
You gain the combat prowess of a mighty hero.
The orc knight shouts!
You can now deal lightning-fast blows.
You block the orc knight's attack.
Things that are here:
a +0 giant spiked club; a +0 giant club; a two-headed ogre corpse You closely miss the orc knight.
You bite the orc knight! You drain its power.
You feel invigorated.
The orc knight is lightly wounded.
You block the orc knight's attack.
You hit the orc knight. You bite the orc knight! You drain its power.
The orc knight is moderately wounded.
You barely miss the orc knight. You bite the orc knight. You drain its power.
The orc knight is moderately wounded.
The orc knight hits you with a +1 battleaxe of electrocution!!
You are electrocuted!!
You hit the orc knight. You bite the orc knight! You drain its power.
You feel invigorated.
The orc knight is heavily wounded.
You slash the orc knight!
You bite the orc knight, but do no damage.
The orc knight is severely wounded.
You hit the orc knight but do no damage.
The orc knight is severely wounded.
The orc knight hits you with a +1 battleaxe of electrocution!
You barely miss the orc knight.
The orc knight is severely wounded.
You hit the orc knight but do no damage.
Your bite misses the orc knight.
The orc knight is severely wounded.
The orc knight hits you with a +1 battleaxe of electrocution!!
* * * LOW HITPOINT WARNING * * *
You are electrocuted!
You die...

###. ...######.≈. ≈≈ h
....#######.......≈#
≈....###........≈≈≈≈≈≈≈≈#
#...≈≈≈###...##.###...<..
#...##≈≈≈....##.####.#...
.....##≈≈...##.##...#...
.≈≈....≈≈..##....(.#...
≈.#≈≈≈o#.####.........
#≈†@##.<.#...#######
#.#####≈.#####....##
.........# ###.##
.........# ...#
..♣♣.....# .##.#
♣.......#. #.+ ♣≈....###
#.# ≈≈♣♣!.?# #.# ..≈
♣♣..# #.#


You could see an orc knight.

Vanquished Creatures
  A two-headed ogre (D:10)
  The ghost of PaxSuburbia the Carver, a novice VSFi of Gozag (D:7)
  Psyche (D:9)
  A troll (D:8)
  A meliai zombie (D:10)
  A shadow (D:9)
  A wraith (D:9)
  2 wyverns
  2 steam dragons
  Grum (D:7)
  2 swamp worms (D:9)
  3 water moccasins
  2 sky beasts
  2 orc warriors
  4 black bears
  2 ice beasts
  A necrophage (D:4)
  2 ogres
  3 wolves (D:7)
  5 centaurs
  2 kobold brigands
  5 bullfrogs
  A water moccasin zombie (D:6)
  2 water moccasin skeletons
  9 killer bees
  4 howler monkeys
  3 centaur zombies
  A jelly (D:4)
  2 hounds (D:5)
  A gnoll shaman (D:5)
  5 orc priests
  A centaur skeleton (D:6)
  A bullfrog skeleton (D:5)
  An iguana (D:6)
  6 orc wizards
  2 hound skeletons
  8 gnolls
  5 adders
  A shadow imp (D:8)
  2 white imps
  2 ufetubi
  2 worms
  3 dart slugs
  24 orcs
  9 ball pythons
  3 bats (D:1)
  4 endoplasms
  6 giant cockroaches
  7 goblins
  9 hobgoblins
  6 jackals
  21 kobolds
  4 quokkas
  3 frilled lizards
  3 rats
206 creatures vanquished.

Vanquished Creatures (others)
  7 plants
7 creatures vanquished.

Grand Total: 213 creatures vanquished

Notes
Turn   | Place    | Note
-------+----------+-------------------------------------------
     0 | D:1      | BALLS the Vine Stalker Fighter began the quest for the Orb.
     0 | D:1      | Reached XP level 1. HP: 11/11 MP: 2/2
    23 | D:1      | Reached skill level 2 in Long Blades
    41 | D:1      | Reached XP level 2. HP: 16/16 MP: 3/3
   765 | D:1      | Reached skill level 3 in Long Blades
   779 | D:1      | Reached XP level 3. HP: 15/19 MP: 4/4
  1462 | D:2      | Gained mutation: Your natural rate of healing is unusually
                  | fast. [Vine Stalker growth]
  1462 | D:2      | Reached XP level 4. HP: 14/23 MP: 2/5
  1501 | D:2      | Identified the +6 hunting sling of Nudijy {vorpal, rElec}
  1551 | D:2      | Reached skill level 4 in Long Blades
  2522 | D:3      | Found a shadowy altar of Dithmenos.
  2873 | D:4      | Found a sparkling altar of Nemelex Xobeh.
  2893 | D:4      | Reached XP level 5. HP: 19/27 MP: 4/6
  2989 | D:4      | Reached skill level 5 in Long Blades
  3192 | D:4      | Found a burning altar of Makhleb.
  3194 | D:4      | Noticed a necrophage
  3201 | D:4      | Killed a necrophage
  3202 | D:4      | Reached XP level 6. HP: 23/32 MP: 7/7
  3425 | D:4      | Found an opulent altar of Gozag.
  3434 | D:4      | Reached skill level 6 in Long Blades
  3453 | D:4      | Found a bloodstained altar of Trog.
  3609 | D:5      | Entered Level 5 of the Dungeon
  3738 | D:4      | Reached skill level 7 in Long Blades
  3738 | D:4      | Reached XP level 7. HP: 30/35 MP: 6/8
  4112 | D:5      | Found a shimmering blue altar of Sif Muna.
  4150 | D:4      | Reached skill level 5 in Fighting
  4150 | D:4      | Gained mutation: You have razor-sharp teeth. [Vine Stalker
                  | growth]
  4150 | D:4      | Reached XP level 8. HP: 43/43 MP: 7/9
  4206 | D:5      | Found Ylerew's Antique Armour Boutique.
  4219 | D:5      | Bought a kite shield for 112 gold pieces
  4348 | D:6      | Found a staircase to the Ecumenical Temple.
  4358 | Temple   | Entered the Ecumenical Temple
  4627 | D:6      | Found an iron altar of Okawaru.
  4655 | D:6      | Became a worshipper of Warmaster Okawaru
  4829 | D:6      | Reached skill level 5 in Shields
  5181 | D:6      | Reached * piety under Okawaru
  5206 | D:6      | Reached XP level 9. HP: 47/47 MP: 10/10
  5265 | D:6      | Reached skill level 1 in Invocations
  5651 | D:7      | Reached ** piety under Okawaru
  5858 | D:7      | Reached skill level 5 in Invocations
  5969 | D:7      | Found a large runed translucent door.
  5970 | D:7      | Found a large runed translucent door.
  5973 | D:7      | Noticed PaxSuburbia's ghost (novice VSFi)
  5995 | D:7      | Found a white marble altar of Elyvilon.
  6124 | D:7      | Reached skill level 8 in Long Blades
  6497 | D:7      | Killed PaxSuburbia's ghost
  6497 | D:7      | Reached *** piety under Okawaru
  6498 | D:7      | Reached skill level 9 in Long Blades
  6498 | D:7      | Reached XP level 10. HP: 51/51 MP: 14/14
  6773 | D:8      | Noticed Grum
  6790 | D:8      | HP: 2/51 [Grum (16)]
  6962 | D:7      | Reached skill level 10 in Long Blades
  6977 | D:7      | Killed Grum
  7507 | D:8      | Found a glowing silver altar of Zin.
  7618 | D:9      | Reached **** piety under Okawaru
  7674 | D:9      | Identified the ring "Taisetuq" {Will- Str+6 Dex+4 SInv}
  8008 | D:9      | Noticed Psyche
  8015 | D:9      | Killed Psyche
  8033 | D:9      | Found a runed translucent gate.
  8033 | D:9      | Found a runed translucent gate.
  8033 | D:9      | Found a runed translucent gate.
  8336 | D:9      | Found a hazy altar of Hepliaklqana.
  8590 | D:9      | Reached skill level 5 in Armour
  8864 | D:9      | Noticed Host24's ghost (journeyman KoHu)
  8892 | D:10     | Entered Level 10 of the Dungeon
  8992 | D:10     | Noticed a two-headed ogre
  9004 | D:10     | Killed a two-headed ogre
  9005 | D:10     | Reached XP level 11. HP: 28/60 MP: 7/17
  9037 | D:10     | Noticed an orc knight
  9048 | D:10     | Slain by an orc knight

Illustrated notes

Levels and vault maps discovered:
D:1:      erik_arrival_cave_to_civilisation [erik_arrival_cave_to_hall],
          layout_basic
D:2:      cheibrodos_old_hovel, layout_basic, nicolae_figureground_sparkle
D:3:      layout_basic, lemuel_round_altar, ebering_dispersal_statue_hall,
          grunt_ministairs_13, minmay_misc_feat_tiny
D:4:      layout_loops_ring, makhleb_blood_cavern_becter,
          mainiacjoe_overflow_small_starburst, mainiacjoe_overflow_big_doors
D:5:      layout_loops_ring, mainiacjoe_overflow_chevrons, serial_shops,
          nicolae_shop_statue_plus
D:6:      layout_loops_corners, okawaru_ov_weapons_minmay,
          minmay_temple_entry_glass, minmay_misc_feat_chi
D:7:      layout_loops_ring, nicolae_elyvilon_peaceful_grove,
          ebering_ghost_disaster_area, roderic_filled_cross
D:8:      layout_cave_pools, kennysheep_little_box, uniq_grum
D:9:      layout_gridville, mainiacjoe_overflow_24_doors,
          gammafunk_ghost_spectres, worms_lemuel, uniq_psyche
D:10:     hangedman_cross_veins, layout_rooms, nicolae_overflow_squiral,
          serial_rivers, chequers_serial_rivers_small_b,
          chequers_serial_rivers_marsh, chequers_serial_rivers_micro_b,
          chequers_serial_rivers_micro_e, chequers_serial_rivers_room_b,
          amcnicky_mini_corridor_feature, serial_bayou_ford_a, uniq_nergalle
Temple:   eino_wide_crystal_templ

Skill      XL: |  1  2  3  4  5  6  7  8  9 10 11 |
---------------+----------------------------------+-----
Long Blades    | 2 3 4 5 7 9 10 | 10.0
Fighting       | 5 8 |  8.0
Shields        | 5 |  5.2
Armour         | 4 5 |  5.0
Invocations    | 5 6 7 |  7.0

Action                   |  1- 3 |  4- 6 |  7- 9 | 10-12 || total
-------------------------+-------+-------+-------+-------++-------
Melee: Long sword        |    87 |   132 |   278 |   280 ||   777
       Bite              |    17 |    28 |    81 |    86 ||   212
Throw: Dart              |       |     3 |       |       ||     3
Invok: Heroism           |       |       |     4 |     8 ||    12
       Finesse           |       |       |       |     1 ||     1
  Use: Scroll            |       |       |     9 |     8 ||    17
       Potion            |       |       |     4 |     1 ||     5
Armor: Scale mail        |    36 |    52 |   121 |   120 ||   329
Dodge: Dodged            |    43 |    54 |   114 |   130 ||   341
Block: Buckler           |    22 |    27 |    20 |       ||    69
       Kite shield       |       |       |   115 |   194 ||   309
